 Dungeon Sprint DCSS version 0.25-a0-413-g3b4b6a4ccc (webtiles) character file.

Game seed: 15000077049608072957, levelgen mode: deterministic

1516 wilfster70 the Covert (level 8, -9/44 HPs)
             Began as a Spriggan Enchanter on Jan 15, 2020.
             Was an Initiate of Dithmenos.
             Shot with an arrow by a centaur warrior (18 damage)
             ... in the Dungeon (Sprint I: "Red Sonja").
             The game lasted 00:03:43 (486 turns).

wilfster70 the Covert (Spriggan Enchanter)           Turns: 486, Time: 00:03:44

Health: -9/44      AC:  4    Str:  4    XL:     8   Next: 53%
Magic:  16/22      EV: 26    Int: 18    God:    Dithmenos [......]
Gold:   56         SH:  0    Dex: 17    Spells: 20/26 levels left

rFire    . . .     SeeInvis +   a - +1 dagger
rCold    . . .     Gourm    .   (shield restricted)
rNeg     . . .     Faith    .   m - +2 robe {MR+}
rPois    .         Spirit   .   (helmet restricted)
rElec    .         Reflect  .   (no cloak)
rCorr    .         Harm     .   (gloves unavailable)
MR       ++...     NoTele   +   (boots unavailable)
Stlth    +++++.....             (no amulet)
HPRegen  0.14/turn              (no ring)
MPRegen  0.18/turn              (no ring)

@: very quick
A: very small, unfitting armour, see invisible, herbivore, speed 3, slow
metabolism 2
a: Renounce Religion


You were in the Dungeon.
You worshipped Dithmenos.
Dithmenos was noncommittal.
You were not hungry.

You visited 1 branch You collected 513 gold pieces.
You spent 457 gold pieces at shops.

Inventory:

Hand Weapons
 a - a +1 dagger (weapon)
Missiles
 i - 9 curare-tipped darts (quivered)
Armour
 m - a +2 robe of magic resistance (worn)
Wands
 k - a wand of digging (7)
Scrolls
 j - a scroll of blinking
 l - a scroll of fog {unknown}
Potions
 c - a potion of mutation {unknown}
 e - a potion of curing
 g - a potion of haste
 h - 2 potions of magic
Comestibles
 d - 3 rations


   Skills:
 + Level 6.2 Fighting
 + Level 8.4 Short Blades
 - Level 10.2 Dodging
 + Level 12.3 Stealth
 + Level 9.6 Spellcasting
 - Level 9.0 Hexes
 + Level 4.6 Ice Magic
 + Level 2.8 Invocations


You had 20 spell levels left.
You knew the following spells:

 Your Spells              Type           Power        Failure   Level  Hunger
a - Confusing Touch       Hex            #####...     1%          3    None
b - Ensorcelled Hibernat  Hex/Ice        ####..       1%          2    None
c - Corona                Hex            #####..      1%          1    None

Your spell library contained the following spells:

 Spells                   Type           Power        Failure   Level  Hunger
 Slow                     Hex            #####...     1%          2    None
 Tukima's Dance           Hex            #####...     1%          3    None
 Dazzling Flash           Conj/Hex       ###...       3%          3    None
 Magic Dart               Conj           #...         9%          1    None
 Blink                    Tloc           N/A          13%         2    None
 Call Imp                 Summ           #.......     13%         2    None
 Conjure Flame            Conj/Fire      #.......     26%         3    None
 Mephitic Cloud           Conj/Pois/Air  #.......     26%         3    None


Dungeon Overview and Level Annotations

Branches:
Dungeon (1/1)

Altars:
Cheibriados
Dithmenos
Elyvilon
Fedhas
Gozag
Hepliaklqana
Kikubaaqudgha
Nemelex Xobeh
Okawaru
Qazlal
Ru
Sif Muna
Trog
Uskayaw
Vehumet
Wu Jian
Yredelemnul
Zin
The Shining One

Shops:
D :*[


Innate Abilities, Weirdness & Mutations

You are very small and have problems with some larger weapons.
You are too small for most types of armour.
You have supernaturally acute eyesight. (SInv)
You are a herbivore.
You cover ground extremely quickly.
You need to consume almost no food.


Message History

Aim: a centaur warrior, quivering 13 arrows (purple smoke, chance to defeat MR: 44%)
The centaur warrior resists with some effort.
Casting: Ensorcelled Hibernation (safe; 1% risk of failure)
Confirm with . or Enter, or press ? or * to list all spells.
Aiming: Ensorcelled Hibernation (safe; 1% risk of failure)
Press: ? - help, Shift-Dir - straight line, f/p - centaur warrior
Aim: a centaur warrior, quivering 13 arrows (chance to defeat MR: 44%)
The centaur warrior resists with some effort.
The centaur warrior hits you.
* * * LOW HITPOINT WARNING * * *
The centaur warrior shoots an arrow.
The arrow barely misses you. The centaur warrior closely misses you.
Casting: Ensorcelled Hibernation (safe; 1% risk of failure)
Confirm with . or Enter, or press ? or * to list all spells.
Aiming: Ensorcelled Hibernation (safe; 1% risk of failure)
Press: ? - help, Shift-Dir - straight line, f/p - centaur warrior
Aim: a centaur warrior, quivering 13 arrows (chance to defeat MR: 44%)
The centaur warrior resists with some effort.
The centaur warrior shoots an arrow.
The arrow hits you!!
You die...

.#.)'..#.)'..#
.'..#.)'..#..+
.#####'#####'# ##
.####..#...#.####§§# ##
.#__####..##(#≈§§§§#$$#
.#_____##'#_.+≈§§c§'..#
⌠#_.∩..†'..._#≈c§§c#
##_..__##_.#'##(####
#_____###'#.#(c@[###
##########.####'###.##
........'...'.....'.∩#
#++++####.).##########
##.## #+#


You could see 2 centaur warriors.

Vanquished Creatures
  Sonja (D)
  A deep troll (D)
  Sigmund (D)
  A yak (D)
  An ogre (D)
  A jelly (D)
  Ijyb (D)
7 creatures vanquished.

Notes
Turn   | Place    | Note
-------+----------+-------------------------------------------
     0 | D        | wilfster70 the Spriggan Enchanter began the quest for the
                  | Orb.
     0 | D        | Reached XP level 1. HP: 9/9 MP: 5/5
     1 | D        | Noticed Ijyb
     6 | D        | Killed Ijyb
     6 | D        | Reached skill level 1 in Fighting
     6 | D        | Reached skill level 5 in Stealth
     6 | D        | Reached XP level 2. HP: 14/14 MP: 5/7
    37 | D        | Noticed an ogre
    40 | D        | Killed an ogre
    40 | D        | Reached skill level 7 in Stealth
    40 | D        | Reached skill level 5 in Spellcasting
    40 | D        | Reached skill level 5 in Hexes
    40 | D        | Reached XP level 3. HP: 19/19 MP: 7/10
    40 | D        | Reached XP level 4. HP: 23/23 MP: 8/12
    44 | D        | Learned a level 2 spell: Ensorcelled Hibernation
    48 | D        | Learned a level 3 spell: Confusing Touch
    56 | D        | Noticed Sigmund
    77 | D        | Killed Sigmund
    77 | D        | Reached skill level 5 in Short Blades
    77 | D        | Reached skill level 9 in Stealth
    77 | D        | Reached XP level 5. HP: 18/29 MP: 10/15
    77 | D        | Reached XP level 6. HP: 20/33 MP: 10/16
   205 | D        | Found an ornate altar of the Wu Jian Council.
   205 | D        | Found a shimmering blue altar of Sif Muna.
   207 | D        | Found a radiant altar of Vehumet.
   220 | D        | Found Tuamien's Assorted Antiques.
   220 | D        | Found an ancient bone altar of Kikubaaqudgha.
   220 | D        | Found a hazy altar of Hepliaklqana.
   220 | D        | Found a stormy altar of Qazlal.
   220 | D        | Found a hide-covered altar of Uskayaw.
   220 | D        | Found a blossoming altar of Fedhas.
   220 | D        | Found a bloodstained altar of Trog.
   220 | D        | Found an iron altar of Okawaru.
   220 | D        | Found a basalt altar of Yredelemnul.
   220 | D        | Found a glowing golden altar of the Shining One.
   220 | D        | Found a snail-covered altar of Cheibriados.
   220 | D        | Found a sacrificial altar of Ru.
   220 | D        | Found a glowing silver altar of Zin.
   220 | D        | Found a shadowy altar of Dithmenos.
   220 | D        | Found a white marble altar of Elyvilon.
   220 | D        | Noticed a yak
   221 | D        | Found an opulent altar of Gozag.
   222 | D        | Killed a yak
   222 | D        | Reached skill level 10 in Stealth
   223 | D        | Found a sparkling altar of Nemelex Xobeh.
   229 | D        | Became a worshipper of Dithmenos the Shadowed
   253 | D        | Noticed Sonja
   258 | D        | Killed Sonja
   258 | D        | Reached skill level 5 in Fighting
   258 | D        | Reached skill level 10 in Dodging
   258 | D        | Reached skill level 11 in Stealth
   258 | D        | Reached XP level 7. HP: 27/39 MP: 16/20
   258 | D        | Reached XP level 8. HP: 31/44 MP: 16/21
   384 | D        | Found Caigorgh's Book Boutique.
   392 | D        | Bought a book of Minor Magic for 280 gold pieces
   404 | D        | Noticed a deep troll
   408 | D        | Killed a deep troll
   408 | D        | Reached skill level 12 in Stealth
   414 | D        | Found Tevai's Armour Emporium.
   425 | D        | Bought a +2 robe of magic resistance for 177 gold pieces
   479 | D        | Noticed a centaur warrior
   479 | D        | Noticed a centaur warrior
   486 | D        | Shot with an arrow by a centaur warrior

Levels and vault maps discovered:
D:        dungeon_sprint_1 [red_sonja_temple_1, red_sonja_temple_small_1]

Skill      XL: |  1  2  3  4  5  6  7  8 |
---------------+-------------------------+-----
Fighting       | 1 2 4 5 6 |  6.2
Short Blades   | 2 4 5 7 8 |  8.4
Dodging        | 4 6 7 10 | 10.2
Stealth        | 5 7 9 11 12 | 12.3
Spellcasting   | 3 5 6 8 9 |  9.6
Hexes          | 4 5 7 9 |  9.0
Ice Magic      | 3 4 |  4.6
Invocations    | 2 |  2.8

Action                   |  1- 3 |  4- 6 |  7- 9 || total
-------------------------+-------+-------+-------++-------
Melee: Dagger            |     3 |    20 |     1 ||    24
 Cast: Confusing Touch   |       |     1 |       ||     1
       Ensorcelled Hiber |       |     1 |     3 ||     4
  Use: Potion            |     1 |       |     1 ||     2
 Stab: Sleeping          |     2 |     3 |     1 ||     6
       Confused          |       |     2 |       ||     2
Armor: Robe              |     1 |       |     1 ||     2
Dodge: Dodged            |       |     6 |     3 ||     9

Table legend:
 A = Non-vault XP
 B = Vault XP
 C = Vault XP percentage of total XP
 D = Non-vault monster count
 E = Vault monster count
 F = Vault count percentage of total count
                 A         B        C        D         E       F
            +---------+---------+-------+---------+---------+-------
      Total |       0 |    2166 | 100.0 |       0 |       7 | 100.0
            +---------+---------+-------+---------+---------+-------
          D |       0 |    2166 | 100.0 |       0 |       7 | 100.0
            +---------+---------+-------+---------+---------+-------
